Cogmind - Beta 15 @@@ ROGUE MODE // 2025.07.11 @ 20:35:24 Player: saltine Result: Destroyed by 89-SU1(R) with Subdweller Laser Performance ------------- Evolutions (0) 0 Regions Visited (2) 400 Robots Destroyed (24) 120 Value Destroyed (592) 592 Prototype IDs (0) 0 Alien Tech Used (0) 0 Bonus (0) 0 TOTAL SCORE: 1112 Bonus ------- None Cogmind --------- Core Integrity 0/250 Matter 238/300 Energy 195/200 System Corruption 0% Temperature Cool (6) Movement Rolling (120) Ox1 Location -10/Subcaves Parts ------- > --- POWER (1) -------- Subdweller Power Source > --- PROPULSION (2) --- Subdweller Monowheel > --- UTILITY (2) ------ Small Storage Unit Large Storage Unit > --- WEAPON (2) ------- Makeshift Axe > --- INVENTORY (15) --- Subdweller Power Source Subdweller Power Source Makeshift Leg Makeshift Leg Makeshift Leg Wheel Wheel Seismic Detector Subdweller Beam Cannon Multitool Peak State ------------ > --- POWER ------------ Subdweller Power Source > --- PROPULSION ------- Light Treads Subdweller Monowheel > --- UTILITY ---------- Small Storage Unit Large Storage Unit > --- WEAPON ----------- Light Assault Rifle Makeshift Axe > --- INVENTORY -------- Subdweller Power Source Subdweller Power Source Makeshift Leg Makeshift Leg Makeshift Leg Wheel Wheel Subdweller Monowheel Seismic Detector Subdweller Laser Subdweller Beam Cannon Assault Rifle Grenade Launcher Multitool [Rating: 14] Favorites ----------- Power Ion Engine Engine Ion Engine Propulsion Light Treads Treads Light Treads Wheel Subdweller Monowheel Utility Seismic Detector Device Seismic Detector Storage Large Storage Unit Weapon Assault Rifle Energy Gun Subdweller Laser Energy Cannon Subdweller Beam Cannon Ballistic Gun Assault Rifle Ballistic Cannon Battle Cannon Launcher Grenade Launcher Special Weapon Mining Laser Slashing Weapon Makeshift Axe Build | -11 -10 -10 ------- Run | Yrd Mat Sub Slots Evolved . | . . . Power . | . . . Propulsion . | . . . Utility . | . . . Weapon . | . . . Parts Attached 23 | 7 1 15 Power 3 | 1 . 2 Engine 3 | 1 . 2 Core . | . . . Reactor . | . . . Propulsion 7 | 2 . 5 Treads 3 | 2 . 1 Leg . | . . . Wheel 4 | . . 4 Hover . | . . . Flight . | . . . Utility 4 | 2 1 1 Device 2 | 1 . 1 Storage 2 | 1 1 . Processor . | . . . Hackware . | . . . Protection . | . . . Artifact . | . . . Weapon 9 | 2 . 7 Energy Gun 1 | . . 1 Energy Cannon 1 | . . 1 Ballistic Gun 3 | 2 . 1 Ballistic Cannon 1 | . . 1 Launcher 1 | . . 1 Special Weapon 1 | . . 1 Impact Weapon . | . . . Slashing Weapon 1 | . . 1 Piercing Weapon . | . . . Special Melee Weapon . | . . . Unidentified Prototypes . | . . . Parts Lost 14 | . . 14 Power 1 | . . 1 Propulsion 5 | . . 5 Utility 1 | . . 1 Weapon 7 | . . 7 Highest Loss Streak 6 | . . 6 To Critical Strikes . | . . . Average Backups 11 | 4 7 12 Power 1 | . 1 2 Propulsion 3 | 1 2 3 Utility 1 | . 1 1 Weapon 4 | 1 2 5 Tool/Special . | . . . Unused Backups 9 | . . 9 Power 2 | . . 2 Propulsion 6 | . . 6 Utility . | . . . Weapon . | . . . Tool/Special 1 | . . 1 Average Slot Usage (%) 98 | . 100 98 Engine 13 | . 14 13 Treads 16 | . 28 15 Wheel 11 | . . 12 Device 12 | . 14 12 Storage 14 | . 14 14 Energy Cannon 2 | . . 3 Ballistic Gun 15 | . 28 13 Ballistic Cannon 4 | . . 4 Special Weapon 4 | . . 5 Peak Build Rating 14 | 7 7 14 Average Rating 9 | 6 7 9 On Entrance 4 | . 7 7 Naked Turns . | . . . Heaviest Build 35 | 15 30 35 Greatest Support 40 | 40 40 40 Greatest Overweight (x) 2 | 1 . 2 Average Overweight (x) . | . . . Largest Inventory Capacity 15 | 8 15 15 Average Capacity 14 | 7 13 15 Most Carried 15 | 6 8 15 Average Carried 11 | 4 7 12 Final Capacity 15 | 8 15 15 Final Carried 10 | 6 8 10 Class Distribution -------------------- 83% | Mutant 16% | Scavenger-Mutant Dominant Class ---------------- Mutant | -10/Materials Mutant | -10/Subcaves Resources | -11 -10 -10 ----------- Run | Yrd Mat Sub Matter Collected 904 | 306 85 513 Remotely . | . . . Salvage Created 640 | 119 99 422 Parts 49 | 15 6 28 Haulers Intercepted . | . . . Recyclers Shooed . | . . . Parts Field Recycled . | . . . Retrieved Matter . | . . . Parts Self-Destructed 20 | . . 20 Prevented . | . . . Kills | -11 -10 -10 ------- Run | Yrd Mat Sub Combat Hostiles Destroyed 16 | . 2 14 Guns 6 | . 2 4 Cannons 3 | . . 3 AOE 6 | . . 6 Classes Destroyed 8 | 2 1 5 Worker 1 | 1 . . Tunneler 5 | 5 . . Turret 2 | . . 2 Swarmer 5 | . . 5 Grunt 2 | . 2 . Sentry 1 | . . 1 Artisan 1 | . . 1 Subdweller 8 | . . 8 Best Kill Streak 5 | 3 1 5 Combat Bots Only 4 | . 1 4 Max Kills in Single Turn 2 | 1 1 2 Gunslinging . | . . . Exploded 2 | . . 2 Melee . | . . . Uniques/NPCs Destroyed . | . . . Combat | -11 -10 -10 -------- Run | Yrd Mat Sub Hostile Shots Fired 142 | . 9 133 Missed 44 | . 3 41 Hits 98 | . 6 92 Projectile 98 | . 6 92 Critical Strikes 1 | . . 1 Damage Taken 1724 | . 96 1628 Core 270 | . . 270 Absorbed by Shields . | . . . Core Remaining (%) 100 | 100 . . Volleys Fired 96 | 12 7 77 Largest 2 | 2 2 2 Hottest 180 | 40 40 180 Shots Fired 156 | 24 14 118 Gun 95 | 24 14 57 Cannon 34 | . . 34 Launcher 5 | . . 5 Special 22 | . . 22 Kinetic 118 | 24 14 80 Thermal 33 | . . 33 Explosive 5 | . . 5 Electromagnetic . | . . . Robot Hit Streak 32 | 5 5 32 Robot Miss Streak 2 | 2 1 2 Penetration Max . | . . . Secondary Targets . | . . . Shots Hit Robots 103 | 14 10 79 Core Hits 37 | 6 4 27 Critical Kills 1 | . . 1 Critical Parts Destroyed 3 | . . 3 Critical Strikes 5 | . . 5 Meltdown 1 | . . 1 Destroy 3 | . . 3 Blast 1 | . . 1 Melee Attacks 4 | . . 4 Impact . | . . . Slashing 4 | . . 4 Piercing . | . . . Sneak Attacks 1 | . . 1 Combat Hostiles . | . . . Follow-up Attacks . | . . . Damage Inflicted 1871 | 175 139 1557 Guns 781 | 175 128 478 Cannons 510 | . . 510 Explosions 430 | . . 430 Melee 139 | . . 139 Ramming 11 | . 11 . Kinetic 1107 | 175 128 804 Thermal 184 | . . 184 Explosive 430 | . . 430 Electromagnetic . | . . . Impact . | . . . Slashing 139 | . . 139 Piercing . | . . . Highest Corruption . | . . . Average Corruption . | . . . Corruption Purged . | . . . Corruption Blocked . | . . . Overload Shots . | . . . Overflow Damage 45 | . . 45 Projectiles . | . . . Explosions 45 | . . 45 Melee . | . . . Knockbacks 5 | . . 5 Impact . | . . . Kinetic 5 | . . 5 Secondary . | . . . Self-Inflicted Damage 96 | . . 96 Shots 4 | . . 4 Rammed 1 | . 1 . Targets Rammed 1 | . 1 . Kicked . | . . . Crushed . | . . . Highest Temperature 13 | . 2 13 Average Temperature 5 | . 2 8 Received Heat Transfer 456 | . 51 405 Siege Activations . | . . . Martial Activations . | . . . Shielding Activations . | . . . Robots Disrupted . | . . . Combat Hostiles . | . . . Robots Corrupted . | . . . Combat Hostiles . | . . . Parts Fried . | . . . Impact Corruptions . | . . . Robots Melted 1 | . . 1 Combat Hostiles 1 | . . 1 Parts Melted 3 | . . 3 Heat Transferred 235 | . . 235 Parts Sabotaged . | . . . Parts Stolen . | . . . Parts Stripped . | . . . Power Chain Reactions . | . . . Alert | -11 -10 -10 ------- Run | Yrd Mat Sub Maximum Alert Level . | . . . Low Security (%) 100 | 100 100 . Level 1 . | . . . Level 2 . | . . . Level 3 . | . . . Level 4 . | . . . Level 5 . | . . . High Security . | . . . Max Security . | . . . Peak Influence 45 | 10 45 . Initial . | . . . Average 7 | 1 13 . Influence Increases 335 | 30 70 235 Destroy 0b10 Robot/C 200 | . 40 160 Destroy 0b10 Robot/NC 30 | 30 . . Destroy Leader 10 | . 10 . Successful Hack 5 | . 5 . Lose Combat Pursuer 90 | . 15 75 Influence Decreases 315 | 30 70 215 Time Decay 215 | 30 70 115 Lost Part 100 | . . 100 Squads Dispatched . | . . . Investigation . | . . . Extermination . | . . . Reinforcement . | . . . Assault . | . . . Garrison . | . . . Intercept . | . . . Searches Triggered . | . . . Construction Impeded . | . . . Haulers Reinforced . | . . . Active Scanning Responses . | . . . Cargo Convoy Interrupts . | . . . Stealth | -11 -10 -10 --------- Run | Yrd Mat Sub Distress Signals . | . . . Communications Jammed . | . . . Distress Signals . | . . . Times Spotted 25 | . 3 22 Peak Tracking Total 4 | . 2 4 Tactical Retreats 4 | . 1 3 Traps | -11 -10 -10 ------- Run | Yrd Mat Sub Traps Triggered . | . . . Indirectly . | . . . Trap Hack Attempts . | . . . Triggered . | . . . Disarmed . | . . . Reprogrammed . | . . . Reused . | . . . Traps Extracted . | . . . Installed . | . . . Triggered . | . . . Machines | -11 -10 -10 ---------- Run | Yrd Mat Sub Machines Disabled 1 | . . 1 Max in Single Turn 1 | . . 1 Machines Repaired . | . . . Machines Dismantled . | . . . Machines Sabotaged . | . . . Overloaded Fab Kills . | . . . Hacking | -11 -10 -10 --------- Run | Yrd Mat Sub Machines Accessed 2 | . 1 1 Terminals 1 | . 1 . Fabricators . | . . . Repair Stations . | . . . Recycling Units . | . . . Scanalyzers . | . . . Garrison Access . | . . . Total Hacks 8 | . 4 4 Successful 6 | . 2 4 Failed 2 | . 2 . Catastrophic . | . . . Database Lockouts . | . . . Manual 1 | . 1 . Terminals 4 | . 4 . Fabricators . | . . . Repair Stations . | . . . Recycling Units . | . . . Scanalyzers . | . . . Garrison Access . | . . . Terminal Hacks 6 | . 2 4 Record 4 | . . 4 Branch Access Points 1 | . 1 . Hauler Manifests 1 | . 1 . Fabricator Hacks . | . . . Repair Station Hacks . | . . . Recycling Unit Hacks . | . . . Scanalyzer . | . . . Garrison Access Hacks . | . . . Unauthorized Hacks . | . . . Terminals . | . . . Fabricators . | . . . Repair Stations . | . . . Recycling Units . | . . . Scanalyzers . | . . . Garrison Access . | . . . Data Cores Recovered . | . . . Used . | . . . Hacking Detections 1 | . 1 . Full Trace Events . | . . . Feedback Events . | . . . Feedback Blocked . | . . . Robot Schematics Acquired . | . . . Robots Built . | . . . Authchips . | . . . Time . | . . . Total Robot Build Rating . | . . . Part Schematics Acquired . | . . . Parts Built . | . . . Authchips . | . . . Time . | . . . Total Part Build Rating . | . . . Parts Repaired . | . . . Time . | . . . Parts Recycled . | . . . Recycled Matter . | . . . Retrieved Matter . | . . . Retrieved Components . | . . . Parts Scanalyzed . | . . . Part Schematics Acquired . | . . . Parts Damaged . | . . . Bothacking | -11 -10 -10 ------------ Run | Yrd Mat Sub Used RIF Installer . | . . . Robots Hacked . | . . . Non-combat . | . . . Combat . | . . . Robot Hacks Applied . | . . . Relay Couplers Released . | . . . Fabnet Peak Effective % . | . . . Robots Rewired . | . . . Allies Hacked . | . . . Hacks Repelled . | . . . Allies | -11 -10 -10 -------- Run | Yrd Mat Sub Total Allies . | . . . Largest Group . | . . . Highest-Rated Group . | . . . Highest-Rated Ally . | . . . Total Orders . | . . . Ally Attacks . | . . . Total Damage . | . . . Kills . | . . . Allies Corrupted . | . . . Allies Melted . | . . . Intel | -11 -10 -10 ------- Run | Yrd Mat Sub Active Infowar (turns) 2591 | 166 244 2181 Seismic 2591 | 166 244 2181 Robot Analysis Total . | . . . Derelict Logs Recovered 3 | . . 3 Drone Launches . | . . . Drone Recoveries . | . . . Exploration | -11 -10 -10 ------------- Run | Yrd Mat Sub Turns Passed 2856 | 235 244 2377 Spaces Moved 1578 | 119 85 1374 Core 9 | 9 . . Treads 826 | 110 85 631 Legs . | . . . Wheels 743 | . . 743 Hover . | . . . Flight . | . . . Fastest Speed 50 | 50 160 95 Average Speed 145 | 153 160 143 Slowest Speed 240 | 160 160 240 Overloaded Moves . | . . . Propulsion Burnouts . | . . . Robots Hopped . | . . . Potential Cave-ins . | . . . Cave-ins Triggered . | . . . Exploration Rate (%) 33 | 6 14 79 Regions Visited 2 Branch Regions 1 Pre-discovered Areas 1 | . . 1 Known Exits Taken . | . . . Unknown Exits Taken 2 | 1 1 . Scrap Searched . | . . . Spaces Dug 11 | . . 11 Terrain Destroyed 24 | . . 24 Melee . | . . . Projectile 2 | . . 2 AOE 22 | . . 22 Terrain Rammed . | . . . Walls Destroyed . | . . . Machines Disabled . | . . . Actions | -11 -10 -10 --------- Run | Yrd Mat Sub Total 1928 | 144 178 1606 Wait 180 | . 84 96 Move 1576 | 118 84 1374 Hop . | . . . Pick Up 24 | 7 1 16 Fast Attach 8 | 6 . 2 Attach 13 | 1 . 12 Detach 2 | . . 2 Swap 19 | . 1 18 Drop 5 | . . 5 Fire 96 | 12 7 77 Melee 4 | . . 4 Ram . | . . . Kick . | . . . Crush 1 | . 1 . Escape Stasis . | . . . Rewire . | . . . Trap . | . . . Miscellaneous . | . . . Route ------- -11/Scrapyard -10/Materials (discovered 3 exits: Min x2 / *Sub) -10/Subcaves (discovered 3 exits: [*Mat x2] / [*Rec]) History --------- Turn | Location | Event 10 | -11/Scrapyard | Discovered new exit (range 15) 236 | -11/Scrapyard | Entered Materials 260 | -10/Materials | Identified exit to Mines 305 | -10/Materials | Build established: Mutant 458 | -10/Materials | Discovered new exit (range 8) 480 | -10/Materials | Entered Subcaves 481 | -10/Subcaves | Approached by a straggling Scientist 512 | -10/Subcaves | Learned 4 Materials zone layouts 684 | -10/Subcaves | Shifting Twisted Machinery released Mak. Axe 724 | -10/Subcaves | Shifting Twisted Machinery released Sub. Beam Cannon 1211 | -10/Subcaves | Visited Clippyterm 1216 | -10/Subcaves | Learned location of Section 7 (-2) 1216 | -10/Subcaves | Learned Factory trap positions 1688 | -10/Subcaves | A swath of the cavern ceiling suddenly collapsed 1955 | -10/Subcaves | Learned location of 1 exit from Materials 2120 | -10/Subcaves | Core integrity fell below 50% 2144 | -10/Subcaves | Discovered new exit (range 15) 2301 | -10/Subcaves | Discovered new exit (range 8) 2388 | -10/Subcaves | A swath of the cavern ceiling suddenly collapsed 2699 | -10/Subcaves | Discovered new exit (range 6) 2805 | -10/Subcaves | Build established: Scavenger-Mutant 2809 | -10/Subcaves | Visited 4L-MR0's lab 2851 | -10/Subcaves | Core integrity fell below 20% 2857 | -10/Subcaves | Destroyed by 89-SU1(R) with Subdweller Laser Last Messages --------------- 02431_ Acquired 3 matter. 02483_ Wheel destroyed. 02483_ Critical hit (Burn: +37). 02485_ Y-45 Defender destroyed. 02489_ Acquired Lgt. Treads. 02491_ Imp. Ion Engine fries itself beyond repair. 02491_ Acquired 27 matter. 02503_ Acquired 5 matter. 02699_ EXIT=FOUND 02700_ Acquired 10 matter. 02809_ Mining Laser destroyed. 02845_ Lgt. Assault Rifle destroyed. 02847_ Assault Rifle destroyed. 02848_ P6-TOF(R) destroyed. 02849_ Lgt. Treads destroyed. 02850_ Grenade Launcher destroyed. 02850_ Destroyed Grenade Launcher. 02850_ Sub. Monowheel destroyed. 02850_ Destroyed Sub. Monowheel. 02853_ Sub. Laser destroyed. Map ----- +----------------------------------------------------+ | | | | | | | | | | | | | | | | | | | ?????????????????????????????????????????????????? | | ?????????????????????????????????????????????????? | | ????????????????????????????####?????????????????? | | ??????????????????####??#??#"" ##????????????????? | | ??????????????????#]" ""##" ""#????????????????? | | ???????????????????## #" "" #????????????????? | | ???????????????????"""X" / <<"#????????????????? | | ???????????????????"""""""#" <<<#????????????????? | | ????????????????????####??# <<<<#????????????????? | | ??????????????????????????## < "#????????????????? | | ????????????????????####### <" #????????????????? | | ????????????????????# <"##????????????????? | | ????????????????????# "#?????????????????? | | ????????????????????## ##?????????????????? | | ???????????????????## R%=####?#????????????????? | | ?????????????????### < R ### "#???????????????? | | ?? ??????????????# @ """#?????????????? | | ??? ????????????## ### #????????????? | | ???? ###??????### #?# #### #????????????? | | ????? ####??# ### #?????##????????????? | | ?????? ??## ##???????????????????? | | ??????? ???## #####????????????????? | | ????????# ????# ##???????????????? | | ?????????# ###?## #??????????????# | | ?????????# ##?## ""#??????????????? | | ?????????# #??## ## "#???????????????? | | ??????????# #???# ####?## ""##???????????????? | | ??????????## #???# #?????? "##????????????????? | | ??????????## ##???# ##????? "#?????????????????? | | ?????????## #????## ##????????????????????????? | | ?????????# ###### ##???????????????????????? | | ?????????## #???????????????????????? | | ??????????### ##???????????????????????? | | ????????????## # # #???????????????????????? | | ????????????## ##### #?????????????????????# | | ????????????# ##???? ???????????????????# | | ??????????### #?????## ?????????????????## | | ????????### #???????# ##?????????????????? | | ??# ## # # ##????????# #??????????????????? | | ???# # ###????#### #????????????????? | | ?# # #### #? ?????????????? | +----------------------------------------------------+ Best States ------------- Heat Dissipation 25 Energy Generation 15 Energy Capacity 250 Matter Stores 300 Matter Capacity 300 Sight Range 16 Terrain Scan Density 10 Evasion (%) 41 Recoil Reduction 2 Item Schematics ----------------- None Robot Schematics ------------------ None Fabricated ------------ Nothing Repaired ---------- Nothing Alien Tech Used ----------------- None Achievements -------------- None Challenges ------------ None Game ------ Seed ProjectionNetworkClaws Manual? 0 Play Time 00:17:03 Cumulative 519.9 hours Start 2025.07.11 @ 20:20:56 End 2025.07.11 @ 20:35:24 Sessions 1 Manual Loads 0 Difficulty Rogue Special Mode None Game No. 228 Rogue 228 Adventurer 0 Explorer 0 Win Type - Total 24 Types 7/4/7/2/1/0/1/1/0/1 Lore% 89 Gallery% 86 Achievement% 80 Wizard Run 0 Options --------- Layout 0 ASCII 0 Keyboard 1 Movement Arrows Keybinds 0 Fullscreen 2 Font 18/SmallcapsGlow Map View 76x50 Zoom Use 0% Tactical HUD 1 Map Filters NONE Filters NONE Steam 1 RUN: c28d4e3c-de3a-46fd-b58b-1ed13e8c44d2